Map: Rhoskallian LE

Players

Nyck - Winner!

  • Race: Terran Terran
  • Spawn Location: 11:00

Ekelpack - Winner!

  • Race: Zerg Zerg
  • Spawn Location: 12:00

astrocam

  • Race: Terran Terran
  • Spawn Location: 6:00

Spikynuts

  • Race: Protoss Protoss
  • League: Bronze
  • Spawn Location: 5:00

VOD

Have the link to the VOD?

Description

Time

  • Played on: Aug. 20, 2024, 12:11 p.m.
  • Length: 12:52
Show
View Real Time Build Order
Export as new Build Order

Nyck Terran - Winner!

Build Orders: 2 Factory, Mech 

Get SALT Encoding   

  12  0:00  SCV  
  13  0:12  SCV  
  14  0:18  Supply Depot  
  14  0:24  SCV  
  15  0:32  Refinery  
  15  0:40  SCV  
  16  0:46  Barracks  
  16  0:52  SCV  
  17  1:04  SCV  
  18  1:17  SCV  
  20  1:33  Orbital Command  
  20  1:37  Marine  
  20  1:42  Factory  
  20  1:59  SCV, Refinery  
  21  2:05  Supply Depot  
  21  2:25  SCV  
  21  2:29  Command Center  
  22  2:39  Factory Tech Lab  
  22  2:40  Barracks Tech Lab  
  22  2:44  Factory  
  22  2:52  Factory  
  22  2:53  SCV  
  23  2:59  Marauder  
  25  3:32  Factory Tech Lab  
  26  3:34  SCV  
  26  3:42  Orbital Command  
  26  3:43  Refinery  
  26  3:46  SCV  
  27  3:58  SCV  
  27  4:00  Factory Tech Lab  
  28  4:03  Refinery, Factory  
  28  4:10  SCV x2  
  30  4:22  SCV x2  
  32  4:30  Siege Tank  
  35  4:33  Siege Tank  
  35  4:34  SCV x2  
  40  4:40  Armory  
  40  4:46  SCV x2  
  42  4:55  Siege Tank  
  42  4:58  SCV  
  42  4:59  SCV  
  47  5:01  Factory Tech Lab  
  47  5:14  SCV x2  
  49  5:17  Engineering Bay  
  49  5:26  SCV x2  
  49  5:27  Siege Tank  
  54  5:45  Missile Turret  
  54  6:00  Supply Depot  
  54  6:05  Missile Turret  
  54  6:09  Terran Vehicle And Ship Armor Level 1  
  54  6:17  Armory  
  54  6:22  SCV x2, Siege Tank x2  
  54  6:23  Supply Depot  
  62  6:34  SCV x2, Siege Tank  
  62  6:39  Missile Turret  
  67  6:43  Siege Tank  
  70  6:50  Supply Depot  
  70  6:54  Siege Tank x2  
  70  6:55  SCV  
  77  7:02  Missile Turret  
  77  7:07  Terran Vehicle Weapons Level 1  
  77  7:12  Siege Tank  
  77  7:13  Supply Depot  
  77  7:15  Siege Tank  
  83  7:41  Siege Tank x2  
  89  7:50  SCV  
  89  7:51  SCV  
  91  7:53  Siege Tank  
  94  8:19  Supply Depot  
  94  8:41  SCV x2, Thor  
  102  8:42  Supply Depot  
  102  8:49  Command Center  
  102  8:56  Command Center  
  102  9:04  Thor  
  108  9:19  Terran Vehicle And Ship Armor Level 2  
  108  9:23  Supply Depot  
  108  9:30  Thor  
  108  9:31  Siege Tank, Thor  
  123  9:47  Supply Depot, Siege Tank  
  126  10:09  Supply Depot  
  126  10:11  SCV, Refinery  
  126  10:13  Siege Tank  
  130  10:15  SCV  
  130  10:19  Refinery  
  131  10:23  SCV  
  131  10:27  SCV, Thor x3  
  151  10:35  SCV, Refinery  
  152  10:39  SCV  
  152  10:40  SCV, Refinery  
  152  10:41  SCV  
  155  10:46  Thor  
  155  10:47  SCV  
  162  10:51  SCV  
  162  10:53  SCV x2  
  165  10:59  SCV  
  165  11:03  SCV  
  167  11:09  Thor  
  173  11:11  SCV  
  173  11:15  SCV  
  175  11:23  SCV  
  176  11:28  SCV  
  176  11:30  SCV x2  
  179  11:36  Orbital Command  
  179  11:40  Orbital Command  
  179  11:42  SCV  
  180  12:39  SCV  
Show
View Real Time Build Order
Export as new Build Order

Ekelpack Zerg - Winner!

Build Orders: Pool First 

Get SALT Encoding   

  12  0:00  Drone  
  13  0:08  Drone  
  14  0:27  Spawning Pool  
  13  0:29  Drone  
  14  0:37  Overlord  
  14  0:44  Extractor  
  14  0:45  Drone  
  14  0:58  Drone x2  
  16  1:12  Drone  
  16  1:13  Queen  
  19  1:19  Drone  
  19  1:24  Drone  
  21  1:35  Overlord  
  21  1:49  Drone  
  22  1:57  Lair  
  22  2:01  Drone  
  23  2:02  Extractor  
  22  2:14  Hatchery  
  21  2:17  Drone  
  22  2:27  Drone x4  
  26  2:40  Metabolic Boost  
  26  2:44  Zergling x2  
  27  2:54  Overlord  
  27  3:03  Spire  
  26  3:23  Drone x2  
  26  3:24  Drone  
  29  3:29  Extractor  
  29  3:30  Extractor  
  29  3:31  Drone  
  28  3:35  Drone  
  29  3:45  Drone  
  31  3:48  Drone  
  31  3:50  Overlord  
  31  3:54  Queen  
  33  4:06  Drone  
  34  4:16  Mutalisk x4  
  42  4:20  Drone  
  42  4:21  Drone  
  44  4:31  Zerg Flyer Weapons Level 1  
  44  4:35  Drone  
  45  4:52  Drone x2  
  47  4:57  Drone  
  47  4:58  Hatchery  
  47  5:00  Drone x3  
  47  5:07  Overlord  
  50  5:21  Drone x2  
  50  5:24  Overlord x2  
  52  5:35  Drone x2  
  52  5:36  Drone x2  
  56  5:53  Mutalisk x3  
  62  6:21  Queen  
  62  6:25  Zerg Flyer Armor Level 1  
  62  6:43  Mutalisk x5  
  62  6:44  Mutalisk x5  
  82  6:48  Extractor  
  82  6:50  Drone x2, Extractor  
  82  6:52  Overlord  
  82  6:53  Overlord  
  72  8:17  Hatchery  
  72  8:18  Queen  
  72  8:19  Zerg Flyer Weapons Level 2  
  73  8:23  Mutalisk x5  
  73  8:24  Mutalisk x2  
  73  8:26  Overlord x2  
  87  8:40  Drone x2  
  87  9:11  Mutalisk x5  
  87  9:12  Mutalisk  
  97  9:46  Hydralisk Den  
  97  9:51  Drone x5  
  97  9:52  Drone x5  
  106  10:09  Evolution Chamber  
  106  10:12  Evolution Chamber  
  104  10:25  Extractor  
  103  10:35  Hydralisk x3  
  103  10:36  Hydralisk x2  
  103  10:39  Overlord x3, Grooved Spines  
  103  10:40  Overlord x4  
  103  10:41  Zerg Missile Weapons Level 1  
  103  10:42  Zerg Ground Armor Level 1  
  113  10:43  Overlord  
  113  10:44  Overlord x2  
  113  10:58  Hydralisk x4  
  113  10:59  Hydralisk x2  
  113  11:04  Hydralisk x6  
  133  11:24  Hydralisk x3  
  133  11:25  Hydralisk x2  
  131  11:56  Hydralisk x4  
  131  11:57  Hydralisk x5  
  149  12:21  Overseer  
  149  12:23  Overlord  
  149  12:24  Hydralisk x2  
  149  12:25  Hydralisk x6  
Show
View Real Time Build Order
Export as new Build Order

astrocam Terran 

Build Orders:  

Get SALT Encoding   

  12  0:00  SCV  
  13  0:12  SCV  
  14  0:18  Supply Depot  
  14  0:25  SCV  
  15  0:40  SCV  
  16  0:43  Barracks  
  16  0:49  Refinery  
  16  0:52  SCV  
  17  1:04  SCV  
  18  1:13  Barracks  
  18  1:16  SCV  
  19  1:28  SCV  
  19  1:30  Marine  
  21  1:40  SCV  
  21  1:41  Supply Depot  
  22  1:48  Marine  
  23  2:00  Orbital Command  
  23  2:03  Refinery  
  23  2:06  Marine  
  24  2:09  Barracks Tech Lab  
  24  2:15  Factory  
  24  2:24  Marine  
  25  2:34  Marine  
  26  2:38  SCV  
  26  2:41  Marine  
  28  2:50  SCV, Stimpack  
  29  2:52  Marine  
  30  3:02  Factory Tech Lab  
  30  3:03  Starport  
  30  3:09  Marine  
  31  3:32  Marine x2  
  33  3:36  Supply Depot  
  33  3:39  Supply Depot  
  33  3:42  Siege Tank  
  36  3:49  Starport Reactor  
  36  3:50  Marine  
  36  3:54  Barracks Reactor  
  37  4:00  Supply Depot  
  37  4:05  Engineering Bay  
  37  4:08  Marine  
  38  4:13  SCV  
  39  4:25  SCV, Medivac  
  39  4:26  Marine  
  39  4:30  Combat Shield  
  43  4:34  Medivac  
  43  4:37  SCV, Marine  
  47  4:44  Marine  
  48  4:46  Marine  
  48  4:49  SCV  
  50  4:55  Marine  
  51  5:01  SCV  
  51  5:04  Marine  
  53  5:08  Siege Tank  
  56  5:24  Missile Turret  
  56  5:29  Missile Turret  
  56  5:30  Missile Turret  
  56  5:49  Missile Turret  
  52  6:07  Supply Depot  
  52  6:21  Marine x3  
  52  6:23  Viking  
  52  6:25  Viking  
  59  6:27  Terran Infantry Weapons Level 1  
  59  6:29  Supply Depot  
  59  6:30  Siege Tank  
  62  6:38  Marine  
  62  6:39  Marine x2  
  65  6:56  Marine  
  65  6:57  Marine  
  67  7:14  Marine  
  47  8:04  Supply Depot  
  47  8:14  Missile Turret  
  47  8:20  Marine  
  47  8:21  Marine x2  
  47  8:27  Supply Depot  
  48  8:35  Command Center  
  48  8:37  Marine  
  48  8:38  Marine  
  48  8:39  Marine  
  50  8:50  Medivac  
  50  8:51  Medivac  
  50  8:54  Terran Infantry Armor Level 1  
  54  8:55  Marine  
  54  8:56  Marine, Missile Turret  
  56  9:05  SCV  
  56  9:07  Supply Depot  
  56  9:09  Supply Depot  
  57  9:13  Marine  
  41  10:10  Missile Turret  
  41  10:15  SCV  
  42  10:27  SCV  
  43  10:32  Missile Turret  
  43  10:39  SCV  
  43  10:41  Missile Turret  
  44  10:49  SCV  
  45  10:51  SCV  
  45  11:01  SCV  
  45  11:03  SCV  
  47  11:13  SCV  
  47  11:15  SCV  
  49  11:25  SCV  
  50  11:28  SCV  
  50  11:30  Missile Turret  
  50  11:31  Missile Turret  
  51  11:34  Missile Turret  
  51  11:37  SCV  
  52  11:40  SCV  
  53  11:49  SCV  
  53  11:50  Missile Turret  
  53  11:52  SCV  
  53  11:53  Missile Turret  
  55  11:55  Missile Turret  
  55  12:01  SCV  
  55  12:04  SCV  
  55  12:06  Refinery  
  57  12:14  SCV  
  58  12:16  SCV  
  58  12:20  Refinery  
  56  12:26  SCV  
  56  12:28  SCV  
  57  12:38  SCV  
Show
View Real Time Build Order
Export as new Build Order

Spikynuts Protoss 

Build Orders: Colossus Rush 

Get SALT Encoding   

  12  0:00  Probe  
  13  0:16  Pylon  
  13  0:18  Probe  
  14  0:32  Probe  
  15  0:38  Gateway  
  15  0:44  Probe (Chrono Boost)  
  15  0:48  Assimilator  
  16  0:56  Probe (Chrono Boost)  
  17  1:01  Pylon  
  17  1:03  Probe (Chrono Boost)  
  18  1:16  Probe  
  19  1:26  Zealot  
  21  1:33  Cybernetics Core  
  21  1:36  Probe  
  22  1:45  Assimilator  
  22  1:48  Probe (Chrono Boost)  
  23  1:59  Probe (Chrono Boost)  
  23  2:13  Probe  
  24  2:16  Stalker  
  26  2:35  Forge  
  26  2:39  Pylon  
  26  2:46  Stalker  
  28  2:53  Probe  
  29  3:00  Nexus  
  29  3:09  Robotics Facility  
  29  3:10  Probe  
  30  3:18  Pylon  
  30  3:25  Pylon  
  30  3:31  Stalker  
  32  3:52  Photon Cannon  
  32  4:03  Robotics Bay  
  32  4:04  Observer  
  33  4:11  Probe  
  33  4:15  Probe  
  35  4:23  Probe  
  36  4:27  Probe  
  37  4:35  Probe  
  38  4:40  Probe  
  39  4:47  Probe  
  39  4:52  Probe, Colossus  
  47  4:54  Robotics Facility  
  47  4:59  Probe  
  48  5:01  Extended Thermal Lance  
  48  5:10  Protoss Ground Weapons Level 1  
  44  5:27  Photon Cannon  
  44  5:49  Pylon  
  44  5:52  Pylon  
  44  6:05  Pylon  
  44  6:07  Pylon  
  44  6:31  Photon Cannon  
  44  6:32  Photon Cannon  
  44  6:36  Photon Cannon  
  44  6:38  Photon Cannon  
  44  6:45  Photon Cannon  
  44  6:47  Photon Cannon  
  44  6:49  Photon Cannon  
  44  6:51  Probe x2  
  46  7:03  Probe  
  46  7:06  Stargate  
  47  7:33  Colossus  
  47  7:35  Immortal  
  57  7:39  Probe x2  
  59  7:51  Probe  
  59  7:52  Probe  
  61  8:03  Probe  
  48  8:28  Probe, Stargate  
  48  8:29  Probe  
  48  8:30  Stargate  
  48  8:31  Stargate  
  50  8:40  Probe  
  51  8:49  Photon Cannon  
  51  8:51  Assimilator  
  51  8:52  Photon Cannon  
  51  8:56  Assimilator  
  51  9:17  Fleet Beacon  
  51  9:31  Phoenix x2  
  51  9:32  Phoenix  
  57  9:44  Phoenix  
  59  10:04  Phoenix  
  61  10:35  Protoss Air Weapons Level 1  
  61  10:39  Carrier  
  67  10:56  Nexus  
  52  11:55  Phoenix x2  
  52  11:56  Phoenix x2  
  60  12:08  Photon Cannon  
  60  12:10  Photon Cannon  
  60  12:12  Photon Cannon  
  60  12:14  Photon Cannon  
  60  12:17  Photon Cannon  
  60  12:21  Phoenix x3  
  60  12:22  Phoenix  
Tags
 
Add a new tag
Caveats
  • Supply blocks, unpowered buildings, or Contaminate may cause inaccurate times.
  • Supply counts are checked every 10 seconds.